 Dungeon Crawl Stone Soup version 0.32-a0-468-g38b2580584 (webtiles) character file.

Game seed: 4112212212718852126

316631 ScarabSwarm the Scorcher (level 21, -10/180 (201) HPs)
             Began as a Naga Alchemist on Feb 24, 2024.
             Was the Champion of Vehumet.
             Mangled by a crystal guardian (35 damage)
             ... on level 3 of the Vaults.
             The game lasted 01:37:06 (55193 turns).

ScarabSwarm the Scorcher (Naga Alchemist)          Turns: 55193, Time: 01:37:07

HP:   -10/180 (201) AC: 31    Str: 14    XL:     21   Next: 41%
MP:   30/40         EV:  7    Int: 26    God:    Vehumet [******]
Gold: 4911          SH:  7    Dex:  8    Spells: 11/50 levels left

rFire   + + +        T - staff of the Dungeon {Fly rElec rF+ Tloc Fire Air}
rCold   + + +        P - +2 buckler {AC+3}
rNeg    . . .        a - +2 robe {rC+ rF+}
rPois   +            p - +2 helmet
rElec   +            r - scarf {rC+ rF+}
rCorr   .            n - +2 pair of gloves {Str+3}
SInv    +            H - +0 barding
Will    ++...        X - amulet "Beput" {RegenMP +Inv rC+ Dex-4}
Stlth   +++          z - +4 ring of protection
HPRegen 0.50/turn    G - +4 ring of protection
MPRegen 0.67/turn

%: no passive effects
@: lethally poisoned (-10 -> -12), flying, very slightly contaminated, heavily
drained, very slow
A: AC +7, large, see invisible, deformed body, poison resistance, slowness 2,
spit poison 1, naga tail 2
}: 2/15 runes: barnacled, gossamer
a: Spit Poison, Renounce Religion, Evoke Invisibility


You were on level 3 of the Vaults.
You worshipped Vehumet.
Vehumet was exalted by your worship.
You visited 7 branches of the dungeon, and saw 36 of its levels.
You also visited: Gauntlet and Desolation.

You collected 5683 gold pieces.
You spent 772 gold pieces at shops.

Inventory:

Hand Weapons
 x - a +0 demon whip of electrocution
 M - the +9 broad axe of Terra Cotta {freeze, rElec Int+4}
   (You took it off a deep elf pyromancer on level 3 of the Elven Halls)

   Int+4:     It affects your intelligence (+4).
   rElec:     It insulates you from electricity.
 S - a +0 vampiric demon whip
Armour
 a - a +2 robe of resistance (worn)
 f - the +1 helmet "Yplimalo" {rF- Dex+4 Slay+3}
   (You found it in a Gauntlet)

   Dex+4:     It affects your dexterity (+4).
   Slay+3:    It affects your accuracy & damage with ranged weapons and melee
   (+3).
   rF-:       It makes you vulnerable to fire.
 h - the +0 helmet "Xeop Ehe" {+Inv rCorr Int-4 SInv}
   (You found it in a Gauntlet)

   Int-4:     It affects your intelligence (-4).
   SInv:      It lets you see invisible.
   +Inv:      It lets you turn invisible.
   rCorr:     It protects you from acid and corrosion.
 n - a +2 pair of gloves of strength (worn)
 p - a +2 helmet (worn)
 r - a scarf of resistance (worn)
 H - a +0 barding (worn)
 I - an orb of energy
 N - the +4 ring mail "Vibostups" {rC+ MP+9 SInv}
   (You found it on level 10 of the Dungeon)

   rC+:       It protects you from cold.
   MP+9:      It affects your magic capacity (+9).
   SInv:      It lets you see invisible.
 P - a +2 buckler of protection (worn)
Magical Staves
 T - the staff of the Dungeon (weapon) {Fly rElec rF+ Tloc Fire Air}
   (You found it on level 3 of the Elven Halls)

   [staff of fire]

   Base accuracy: +5 Base damage: 5 Base attack delay: 1.2 This weapon's minimum
   attack delay (0.6) is reached at skill level 12.
   rF+:       It protects you from fire.
   rElec:     It insulates you from electricity.
   Fly:       It grants you flight.
   Tloc:      It increases the power of your Translocations spells.
   Fire:      It increases the power of your Fire spells.
   Air:       It increases the power of your Air spells.
   It falls into the 'Staves' category.
   It is a one-handed weapon.
Jewellery
 z - a +4 ring of protection (left hand)
 F - a ring of positive energy
 G - a +4 ring of protection (right hand)
 X - the amulet "Beput" (around neck) {RegenMP +Inv rC+ Dex-4}
   (You found it on level 5 of the Lair of Beasts)

   [amulet of magic regeneration]

   RegenMP:   It increases your rate of magic regeneration.
   Dex-4:     It affects your dexterity (-4).
   rC+:       It protects you from cold.
   +Inv:      It lets you turn invisible.
Wands
 v - a wand of digging (7)
Scrolls
 d - 13 scrolls of teleportation {@r3}
 g - 7 scrolls of blinking {@r4}
 j - 3 scrolls of fear
 o - 8 scrolls of enchant weapon
 s - 6 scrolls of revelation {@r5}
 t - 3 scrolls of amnesia
 w - 8 scrolls of poison
 y - 5 scrolls of fog {@r2}
 B - a scroll of silence {!r}
 C - a scroll of brand weapon
 E - 8 scrolls of immolation
 K - 8 scrolls of identify {@r1}
 O - 3 scrolls of enchant armour
Potions
 b - a potion of magic
 c - 2 potions of berserk rage
 e - 2 potions of lignification
 i - 5 potions of cancellation
 k - 4 potions of haste {@q5}
 l - 3 potions of heal wounds {@q1}
 m - 5 potions of ambrosia
 q - 10 potions of curing {@q2}
 u - 4 potions of brilliance
 A - 8 potions of enlightenment
 D - 3 potions of resistance
 J - 5 potions of attraction
 Q - 2 potions of might {@q3}
 U - 2 potions of invisibility
 Z - 6 potions of mutation
Miscellaneous
 L - a phial of floods
 R - a lightning rod (4/4)
 V - a condenser vane
 W - a phantom mirror
 Y - a box of beasts


   Skills:
 - Level 15.0 Fighting
 - Level 1.5 Dodging
 - Level 8.0 Stealth
 - Level 8.0 Shields
 - Level 15.0 Spellcasting
 - Level 18.0 Conjurations
 - Level 10.0 Summonings
 - Level 5.0 Translocations
 - Level 18.0 Fire Magic
 - Level 5.0 Ice Magic
 - Level 5.0 Air Magic
 * Level 10.1 Earth Magic
 - Level 8.0 Alchemy


You had 11 spell levels left.
You knew the following spells:

 Your Spells              Type           Power      Damage    Failure   Level
a - Bombard               Conj/Erth      37%        9d7       1%          6
b - Plasma Beam           Fire/Air       54%        2x1d69    1%          6
f - Freezing Cloud        Conj/Ice/Air   40%        6-21      1%          5
i - Ignition              Fire           53%        3d15      4%          8
s - Spellforged Servitor  Conj/Summ      37%        N/A       2%          7
B - Blink                 Tloc           100%       N/A       1%          2
I - Irradiate             Conj/Alch      36%        3d23      1%          5

Your spell library contained the following spells:

 Spells                   Type           Power      Damage    Failure   Level
 Fire Storm               Conj/Fire      53%        8d13      45%         9
 Polar Vortex             Ice            22%        12d3*     100%        9
 Shatter                  Erth           32%        3d26*     100%        9
 Magic Dart               Conj           100%       1d8       0%          1
 Sting                    Conj/Alch      100%       1d9       0%          1
 Scorch                   Fire           100%       2d9       0%          2
 Flame Wave               Conj/Fire      100%       2d21      0%          4
 Apportation              Tloc           100%       N/A       1%          1
 Kiss of Death            Conj/Necr      100%       2d13      1%          1
 Summon Small Mammal      Summ           100%       N/A       1%          1
 Call Imp                 Summ           100%       N/A       1%          2
 Cigotuvi's Dreadful Rot  Necr/Alch/Air  100%       N/A       1%          2
 Lesser Beckoning         Tloc           100%       N/A       1%          2
 Mercury Vapours          Alch/Air       100%       N/A       1%          2
 Momentum Strike          Conj/Tloc      100%       3d10      1%          2
 Dazzling Flash           Conj/Hex       100%       N/A       1%          3
 Gell's Gravitas          Tloc           62%        N/A       1%          3
 Inner Flame              Hex/Fire       78%        N/A       1%          3
 Mephitic Cloud           Conj/Alch/Air  83%        N/A       1%          3
 Ozocubu's Armour         Ice            45%        N/A       1%          3
 Stone Arrow              Conj/Erth      100%       3d13      1%          3
 Summon Ice Beast         Ice/Summ       55%        N/A       1%          3
 Teleport Other           Tloc           62%        N/A       1%          3
 Volatile Blastmotes      Fire/Tloc      100%       2d18      1%          3
 Animate Armour           Summ/Erth      100%       N/A       1%          4
 Fulminant Prism          Conj/Alch      36%        3d17      1%          4
 Ignite Poison            Fire/Alch      92%        N/A       1%          4
 Iskenderun's Mystic Bla  Conj/Tloc      87%        2d17      1%          4
 Leda's Liquefaction      Alch/Erth      30%        N/A       1%          4
 Olgreb's Toxic Radiance  Alch           57%        N/A       1%          4
 Sticky Flame             Fire/Alch      92%        2d14      1%          4
 Arcjolt                  Conj/Air       43%        1d53      1%          5
 Starburst                Conj/Fire      53%        6d14      1%          6
 Slow                     Hex            76%        N/A       3%          1
 Alistair's Intoxication  Alch           38%        N/A       3%          5
 Manifold Assault         Tloc           62%        N/A       4%          4
 Martyr's Knell           Necr/Summ      45%        N/A       4%          4
 Summon Forest            Summ/Tloc      36%        N/A       4%          5
 Jinxbite                 Hex            38%        N/A       5%          2
 Yara's Violent Unravell  Hex/Alch       20%        3d9       5%          5
 Eringya's Noxious Bog    Alch           28%        4d6       5%          6
 Summon Cactus Giant      Summ           32%        N/A       9%          6
 Confusing Touch          Hex            19%        N/A       11%         3
 Fugue of the Fallen      Necr           19%        N/A       11%         3
 Sigil of Binding         Hex            19%        N/A       11%         3
 Tukima's Dance           Hex            19%        N/A       11%         3
 Dimensional Bullseye     Hex/Tloc       24%        N/A       12%         4
 Summon Mana Viper        Hex/Summ       45%        N/A       12%         5
 Lehudib's Crystal Spear  Conj/Erth      37%        10d9      17%         8
 Cause Fear               Hex            9%         N/A       34%         4
 Dispel Undead            Necr           19%        3d11      34%         4
 Metabolic Englaciation   Hex/Ice        16%        N/A       34%         5
 Silence                  Hex/Air        24%        N/A       34%         5
 Sculpt Simulacrum        Ice/Alch       26%        N/A       36%         6
 Monstrous Menagerie      Summ           32%        N/A       43%         7
 Summon Hydra             Summ           32%        N/A       43%         7
 Dispersal                Tloc           31%        N/A       56%         6
 Haunt                    Necr/Summ      22%        N/A       98%         7
 Death Channel            Necr           9%         N/A       99%         6
 Maxwell's Capacitive Co  Air            31%        ∞         99%         8


Dungeon Overview and Level Annotations

Branches:
Dungeon (15/15)            Temple (0/1) D:5            Lair (5/5) D:10
 Shoals (4/4) Lair:2       Spider (4/4) Lair:3        Slime (0/5) Lair:4
    Orc (2/2) D:11            Elf (3/3) Orc:2        Vaults (3/5) D:14
 Depths (0/4) D:15        Desolation (visited)      Gauntlet (visited)
  Crypt: Vaults:2-3

Altars:
Cheibriados
Dithmenos
Fedhas
Gozag
Hepliaklqana
Makhleb
Nemelex Xobeh
Qazlal
Ru
Sif Muna
Vehumet
Wu Jian
Xom
Yredelemnul
The Shining One
Jiyva
Lugonu

Shops:
D:3 (   D:9 *   D:11 !   Orc:2 (?=   Shoals:3 :

Portals:
Abyss: D:12 Lair:5

Annotations:
Shoals:2 1 runed translucent door, Panea's ghost, adept FoCA
Spider:2 Roxanne


Innate Abilities, Weirdness & Mutations

Your serpentine skin is tough. (AC +7)
You have supernaturally acute eyesight. (SInv)
Armour fits poorly on your strangely shaped body.
Your system is resistant to poisons. (rPois)
You cover ground very slowly.
You can spit poison.
You can use your snake-like lower body to constrict enemies.


Message History

The bolt of negative energy hits the peacekeeper.
The peacekeeper completely resists.
The bolt of negative energy hits you!!
You feel drained.
* * * LOW HITPOINT WARNING * * *
The crystal guardian hits you!
* * * LOW HITPOINT WARNING * * *
The ragged hierophant casts a spell at you.
A blast of power from the earth and the adjacent constructs strikes you!
The peacekeeper roars a battlecry!
The saltling goes into a battle-frenzy!
The guardian serpent hits you but does no damage.
You feel much better.
You feel very sick.
The guardian serpent casts a spell at you.
The saltling blinks! x2; The halazid warlock blinks!
You block the crystal guardian's attack.
The ragged hierophant hits you but does no damage.
A servant of whispers comes into view. It is wielding a +0 quarterstaff.
A ragged hierophant comes into view. It is wielding a +0 long sword.
The guardian serpent barely misses you.
You feel sick. The guardian serpent hits you!
* * * LOW HITPOINT WARNING * * *
The saltling hits you!!
* * * LOW HITPOINT WARNING * * *
The crystal guardian fires a crystalline bolt at you.
The crystal bolt freezes you but does no damage.
The ragged hierophant hits you but does no damage.
The saltling hits you but does no damage.
The guardian serpent hits you!
* * * LOW HITPOINT WARNING * * *
The saltling completely misses you.
You block the guardian serpent's attack.
Welcome back to the Vaults!
* * * LOW HITPOINT WARNING * * *
You feel sick.
There is a collapsed entrance here.
You feel much better.
You feel sick.
The halazid warlock touches you but does no damage.
The crystal guardian hits you!!
You die...

.........................
.........................
#######'#################
#...........# #......
#...........# ##.....
#[..##.#.)..# #...~~~
#...§§...#..# #.~~.~.
#..#§§L9....# #.~~~~~
#..#§a@S.#..# #...~⌠~
#..#§9§9.#..# #..~~≈~
#...§§......# #..≈≈~≈
#...##..#...# #..~~≈~
#...........# ##.....
#...........# #......
######'######### #+#####
#........# ##.# #
#........# ##...## #


You could see a ragged hierophant, a halazid warlock, a crystal guardian
(strong), a guardian serpent and 2 saltlings.

Vanquished Creatures
  A tentacled monstrosity (Vaults:3)
  Jorgrun (D:15)
  2 sphinxes
  An acid blob (Lair:4)
  2 deep elf blademasters
  3 deep elf master archers (Elf:3)
  A kraken (Shoals:1)
  Frances (Elf:1)
  Kirke (Lair:4)
  Agnes (Spider:1)
  A tengu reaver (Vaults:2)
  Aizul (Lair:2)
  3 deep elf sorcerers (Elf:3)
  A frost giant (Vaults:2)
  An imperial myrmidon (Desolation)
  A vault warden (Vaults:2)
  A ghost moth (Spider:1)
  Louise (D:14)
  3 emperor scorpions (Spider:4)
  5 deep elf elementalists (Elf:3)
  6 ironbound preservers
  A very ugly thing (D:12)
  A formless jellyfish (Vaults:3)
  A broodmother (Spider:2)
  2 ironbound thunderhulks (Vaults:3)
  3 deep elf demonologists
  Nessos (D:14)
  A deep elf death mage (Elf:3)
  A dire elephant (Vaults:2)
  11 deep elf annihilators
  A halazid warlock (Desolation)
  A minotaur (Gauntlet)
  The ghost of TobyConnect the Mimic, a journeyman OpFi of Gozag (D:12)
  An ettin (D:15)
  2 spark wasps (Spider:4)
  5 merfolk javelineers
  A blizzard demon (Gauntlet)
  5 ragged hierophants (Desolation)
  2 fire dragons
  8 merfolk impalers
  2 yaktaur captains
  2 rakshasas
  3 great orbs of eyes
  4 deep elf high priests
  4 peacekeepers
  5 hydras
  A servant of whispers (Desolation)
  2 merfolk avatars (Shoals:1)
  An ogre mage (D:9)
  7 centaur warriors
  A radroach (Spider:4)
  6 boulder beetles
  4 jorogumos
  3 merfolk aquamancers
  11 two-headed ogres
  Erica (Lair:2)
  2 satyrs
  12 dancing weapons
  2 alligator snapping turtles (Shoals:3)
  4 demonic crawlers
  The ghost of Bigboy123 the Severer, a novice MiBe of Trog (D:11)
  3 tengu warriors
  3 thrashing horrors (Lair:5)
  6 death yaks (Lair:3)
  An orc high priest (Orc:1)
  9 deep elf knights
  7 skysharks
  5 sea snakes
  Amaemon (Lair:2)
  2 skeletal warriors (D:11)
  2 pharaoh ants
  10 orb spiders
  16 deep trolls
  An orange crystal statue (Lair:2)
  7 deep elf archers
  5 ironbound convokers
  8 orc knights
  2 necromancers
  4 sun moths
  A harpy (shapeshifter) (D:14)
  3 arcanists
  19 deep elf pyromancers
  A phantasmal warrior (Vaults:2)
  11 harpies
  22 deep elf zephyrmancers
  5 steelbarb worms
  15 ugly things
  3 large abominations
  15 fauns
  2 orc sorcerers (Orc:1)
  15 cyclopes
  6 meliai
  3 moths of wrath
  14 wolf spiders
  7 kobold blastminers (Orc:2)
  9 elephants (Lair:5)
  11 manticores
  11 slime creatures
  4 torpor snails
  An ice statue (Gauntlet)
  Joseph (D:7)
  2 gargoyles
  9 merfolk sirens
  8 vault sentinels
  2 guardian serpents (Desolation)
  8 water nymphs
  5 black mambas
  3 smoke demons (Lair:5)
  An unseen horror (shapeshifter) (D:13)
  2 orange demons
  11 cane toads
  2 kobold demonologists (D:12)
  4 yaktaurs
  An efreet (D:8)
  An unseen horror (D:12)
  3 rime drakes
  3 tengu conjurers
  Psyche (D:9)
  A freezing wraith (D:14)
  13 komodo dragons
  2 ice devils (Gauntlet)
  A harpy zombie (Shoals:3)
  A troll (shapeshifter) (D:9)
  2 queen bees (shapeshifter)
  6 trolls
  A polar bear (Lair:1)
  A tyrant leech (Lair:5)
  37 merfolk
  7 wind drakes
  A glass eye (shapeshifter) (Elf:2)
  25 blink frogs
  A nameless horror (Spider:3)
  A hornet (D:8)
  2 raiju (Lair:5)
  27 saltlings
  20 tarantellas
  9 snapping turtles
  21 dream sheep
  14 jumping spiders
  Sigmund (D:3)
  A spriggan (Lair:5)
  A centaur simulacrum (D:14)
  24 culicivoras
  3 vampires
  A ynoxinul (Lair:5)
  6 shadows
  5 air elementals (Shoals:4)
  18 water elementals
  3 wraiths
  A culicivora (shapeshifter) (Elf:1)
  2 hogs (Lair:4)
  A fire elemental (Elf:1)
  8 wyverns
  A human (shapeshifter) (D:13)
  29 yaks
  A warg (Orc:1)
  A human (Lair:4)
  7 basilisks
  A chaos spawn (Lair:5)
  A steam dragon (D:9)
  8 vampire mosquitoes
  A neqoxec (D:12)
  42 redbacks
  12 small abominations (Lair:5)
  Menkaure (D:7)
  2 swamp worms (Lair:5)
  2 acid dragons
  17 water moccasins
  42 orc warriors
  4 sky beasts
  A black bear (D:6)
  2 ice beasts
  3 manticore zombies (Shoals:3)
  9 ogres
  20 wolves
  5 boggarts (Vaults:2)
  11 centaurs
  2 phantoms
  9 kobold brigands
  Blork the orc (D:4)
  15 bullfrogs
  2 wyvern zombies (D:9)
  2 earth elementals (Elf:1)
  3 gnoll sergeants (D:11)
  7 scorpions
  9 killer bees
  3 howler monkeys
  An electric eel (Spider:2)
  A bombardier beetle (D:5)
  7 crimson imps (D:7)
  2 lava snakes (Lair:2)
  2 jellies
  3 hounds
  5 gnoll boudas
  6 orc priests
  Ijyb (D:3)
  6 iguanas
  22 orc wizards
  Robin (D:3)
  6 adders
  24 gnolls
  2 shadow imps (D:7)
  2 white imps
  2 ufetubi (D:6)
  A ribbon worm (D:9)
  67 orcs
  A bat zombie (Shoals:3)
  5 endoplasms
  5 giant cockroaches
  14 goblins
  11 hobgoblins
  2 quokkas
  8 ball pythons
  2 bats (D:2)
  3 frilled lizards
  24 kobolds
  3 rats
  3 tentacles (Shoals:1)
1288 creatures vanquished.

Vanquished Creatures (collateral kills)
  Mara (Spider:4)
  A deep elf blademaster (Elf:3)
  A deep elf master archer (Elf:3)
  A storm dragon (Shoals:4)
  3 deep elf sorcerers (Elf:3)
  An emperor scorpion (Spider:4)
  An orc warlord (Vaults:2)
  A deep elf death mage (Elf:3)
  A deep elf annihilator (Elf:3)
  A deep elf demonologist (Elf:3)
  6 merfolk impalers
  3 merfolk javelineers (Shoals:4)
  A crystal guardian (Vaults:2)
  A hydra (D:11)
  A peacekeeper (Desolation)
  A radroach (Spider:4)
  17 dancing weapons
  3 deep elf knights
  A sea snake (Shoals:3)
  2 sun moths (Spider:4)
  An ironbound convoker (Vaults:1)
  2 steelbarb worms (Spider:4)
  A harpy (Shoals:4)
  5 deep elf pyromancers
  6 deep elf zephyrmancers
  3 wolf spiders (Spider:4)
  An ugly thing (Vaults:1)
  2 manticores (Shoals:4)
  A molten gargoyle (Desolation)
  2 water nymphs (Shoals:4)
  A harpy zombie (Shoals:3)
  4 tarantellas (Spider:4)
  2 merfolk (Shoals:4)
  3 saltlings (Desolation)
  A snapping turtle (Shoals:4)
  A jumping spider (Spider:4)
  2 air elementals (Shoals:4)
  3 water elementals (Shoals:4)
  2 redbacks (Spider:4)
  An earth elemental (Elf:3)
92 creatures vanquished.

Vanquished Creatures (others)
  A war gargoyle (Vaults:2)
  2 deep elf knights
  A water elemental (Shoals:2)
  6 tentacles (Shoals:1)
10 creatures vanquished.

Grand Total: 1390 creatures vanquished

Notes
Turn   | Place    | Note
-------+----------+-------------------------------------------
     0 | D:1      | ScarabSwarm the Naga Alchemist began the quest for the Orb.
     0 | D:1      | Reached XP level 1. HP: 15/15 MP: 3/3
    97 | D:1      | Reached XP level 2. HP: 22/22 MP: 0/5
  1115 | D:2      | Reached XP level 3. HP: 26/28 MP: 0/7
  1623 | D:2      | Found a radiant altar of Vehumet.
  1695 | D:2      | Became a worshipper of Vehumet
  2092 | D:3      | Reached XP level 4. HP: 36/36 MP: 2/8
  2097 | D:3      | Learned a level 4 spell: Olgreb's Toxic Radiance
  2126 | D:3      | Noticed Robin
  2134 | D:3      | Killed Robin
  2215 | D:3      | Reached skill level 5 in Alchemy
  2315 | D:3      | Found a stormy altar of Qazlal.
  2339 | D:3      | Noticed Sigmund
  2383 | D:3      | Found Vouf's Weapon Shoppe.
  2541 | D:3      | Killed Sigmund
  2542 | D:3      | Reached XP level 5. HP: 23/42 MP: 3/11
  2542 | D:3      | Reached XP level 6. HP: 27/49 MP: 3/12
  2694 | D:3      | Reached * piety under Vehumet
  2694 | D:3      | Offered knowledge of Kiss of Death by Vehumet.
  3113 | D:4      | Noticed Blork the orc
  3113 | D:4      | Noticed Ijyb
  3127 | D:3      | Killed Ijyb
  3204 | D:4      | Killed Blork the orc
  3530 | D:4      | Reached XP level 7. HP: 56/56 MP: 9/13
  3688 | D:4      | Offered knowledge of Static Discharge by Vehumet.
  3725 | D:4      | Reached skill level 1 in Fighting
  3802 | D:5      | Entered Level 5 of the Dungeon
  3856 | D:5      | Reached ** piety under Vehumet
  3963 | D:5      | Found a staircase to the Ecumenical Temple.
  4061 | D:5      | Reached skill level 5 in Stealth
  4061 | D:5      | Reached XP level 8. HP: 46/68 MP: 4/15
  4561 | D:5      | Found a shimmering blue altar of Sif Muna.
  4671 | D:6      | Reached skill level 5 in Spellcasting
  5367 | D:6      | Reached XP level 9. HP: 74/78 MP: 5/17
  5793 | D:6      | Offered knowledge of Scorch by Vehumet.
  6058 | D:7      | Reached skill level 5 in Fighting
  6058 | D:7      | Reached skill level 5 in Conjurations
  6124 | D:7      | Reached *** piety under Vehumet
  6247 | D:7      | Noticed Menkaure
  6252 | D:7      | Killed Menkaure
  6253 | D:7      | Reached XP level 10. HP: 91/91 MP: 14/20
  6410 | D:7      | Noticed Joseph
  6418 | D:7      | Killed Joseph
  6839 | D:7      | Offered knowledge of Hailstorm by Vehumet.
  7118 | D:7      | Found a sacrificial altar of Ru.
  7149 | D:7      | Learned a level 5 spell: Irradiate
  7674 | D:8      | Noticed a two-headed ogre
  7682 | D:8      | Killed a two-headed ogre
  8097 | D:8      | Noticed a two-headed ogre
  8104 | D:8      | Killed a two-headed ogre
  8241 | D:8      | Noticed an orc knight
  8241 | D:8      | Noticed a centaur warrior
  8241 | D:8      | Noticed a centaur warrior
  8242 | D:8      | Found a runed translucent door.
  8244 | D:8      | Noticed a white ugly thing
  8244 | D:8      | Noticed a cyclops
  8433 | D:8      | Found a basalt altar of Yredelemnul.
  8433 | D:8      | Found an opulent altar of Gozag.
  8522 | D:8      | Found an ornate altar of the Wu Jian Council.
  8525 | D:8      | Found a radiant altar of Vehumet.
  8527 | D:8      | Found a blossoming altar of Fedhas.
  8532 | D:8      | Found a hazy altar of Hepliaklqana.
  9000 | D:9      | Learned a level 5 spell: Freezing Cloud
  9069 | D:9      | Found a snail-covered altar of Cheibriados.
  9143 | D:9      | Reached XP level 11. HP: 103/103 MP: 13/23
  9199 | D:9      | Found a shadowy altar of Dithmenos.
  9255 | D:9      | Found Yvuuth's General Store.
  9270 | D:9      | Reached skill level 1 in Air Magic
  9310 | D:9      | Bought a scroll of amnesia for 52 gold pieces
  9310 | D:9      | Bought a potion of curing for 39 gold pieces
  9421 | D:9      | Reached skill level 1 in Ice Magic
  9616 | D:9      | Noticed a two-headed ogre
  9624 | D:9      | Killed a two-headed ogre
  9643 | D:9      | Noticed a two-headed ogre
  9648 | D:9      | Reached **** piety under Vehumet
 10534 | D:9      | Killed a two-headed ogre
 10534 | D:9      | Offered knowledge of Arcjolt by Vehumet.
 10573 | D:9      | Noticed an ogre mage
 10617 | D:9      | Noticed Psyche
 10622 | D:9      | Killed Psyche
 10755 | D:9      | Noticed a cyan ugly thing
 10756 | D:9      | Noticed a brown ugly thing
 10761 | D:9      | Killed a cyan ugly thing
 10762 | D:9      | Killed a brown ugly thing
 10865 | D:9      | Killed an ogre mage
 11078 | D:9      | Got the Grimoire of Beguiling Mustering
 11352 | D:10     | Entered Level 10 of the Dungeon
 11682 | D:10     | Noticed a two-headed ogre
 11686 | D:10     | Killed a two-headed ogre
 11754 | D:10     | Identified the +4 ring mail "Vibostups" {rC+ MP+9 SInv}
 11856 | D:10     | Found a staircase to the Lair.
 11888 | D:10     | Noticed a boulder beetle
 11897 | D:10     | Killed a boulder beetle
 12123 | D:10     | Noticed a two-headed ogre
 12130 | D:10     | Killed a two-headed ogre
 12131 | D:10     | Reached skill level 5 in Ice Magic
 12131 | D:10     | Reached skill level 5 in Air Magic
 12131 | D:10     | Reached XP level 12. HP: 114/114 MP: 25/25
 12456 | D:10     | Found a glowing golden altar of the Shining One.
 12560 | Lair:1   | Entered Level 1 of the Lair of Beasts
 12567 | Lair:1   | Learned a level 5 spell: Arcjolt
 13180 | Lair:1   | Reached ***** piety under Vehumet
 13180 | Lair:1   | Offered knowledge of Airstrike by Vehumet.
 14123 | Lair:2   | Reached skill level 10 in Conjurations
 14126 | Lair:2   | Reached skill level 10 in Fighting
 14126 | Lair:2   | Reached skill level 10 in Spellcasting
 14129 | Lair:2   | Reached skill level 1 in Fire Magic
 14289 | Lair:2   | Noticed a five-headed hydra
 14293 | Lair:2   | Killed a five-headed hydra
 14489 | Lair:2   | Noticed Amaemon
 14496 | Lair:2   | Killed Amaemon
 14571 | Lair:2   | Noticed Erica
 14571 | Lair:2   | Noticed a skyshark
 14580 | Lair:2   | Reached skill level 5 in Fire Magic
 14580 | Lair:2   | Killed a skyshark
 14584 | Lair:2   | Killed Erica
 14585 | Lair:2   | Gained mutation: You can use your snake-like lower body to
                  | constrict enemies. [Naga growth]
 14585 | Lair:2   | Reached XP level 13. HP: 47/123 MP: 9/27
 15797 | Lair:2   | Found a staircase to the Shoals.
 16433 | Lair:3   | Found a hole to the Spider Nest.
 16493 | Lair:3   | Reached skill level 10 in Fire Magic
 17245 | Lair:4   | Offered knowledge of Plasma Beam by Vehumet.
 17255 | Lair:4   | Learned a level 6 spell: Plasma Beam
 17535 | Lair:4   | Noticed Kirke
 17542 | Lair:4   | Killed Kirke
 17645 | Lair:4   | Reached XP level 14. HP: 132/132 MP: 6/28
 18002 | Lair:4   | Found a runed translucent door.
 18002 | Lair:4   | Found a viscous altar of Jiyva.
 18003 | Lair:4   | Found a staircase to the Slime Pits.
 18003 | Lair:4   | Noticed an acid blob
 18110 | Lair:5   | Entered Level 5 of the Lair of Beasts
 18265 | Lair:5   | Found a gate leading to a gauntlet.
 18299 | Gauntlet | Entered a Gauntlet
 18299 | Gauntlet | Found a transporter.
 18299 | Gauntlet | Found a transporter.
 18423 | Gauntlet | Found a transporter.
 18424 | Gauntlet | Found a transporter.
 18439 | Gauntlet | Found a transporter.
 18447 | Gauntlet | Found a transporter.
 18451 | Gauntlet | Found a transporter.
 18459 | Gauntlet | Found a transporter.
 18464 | Gauntlet | Noticed a quicksilver ooze
 18476 | Gauntlet | Found a transporter.
 18490 | Gauntlet | Found a transporter.
 18494 | Gauntlet | Found a transporter.
 18502 | Gauntlet | Found a transporter.
 18736 | Gauntlet | Identified the +1 helmet "Yplimalo" {rF- Dex+4 Slay+3}
 18757 | Gauntlet | Identified the +0 helmet "Xeop Ehe" {+Inv rCorr Int-4 SInv}
 18973 | Gauntlet | Identified the staff of Tuff {Will+ Earth}
 19439 | Lair:5   | Reached skill level 15 in Fire Magic
 20726 | Lair:5   | Found a corrupted altar of Lugonu.
 20726 | Lair:5   | Found a one-way gate to the infinite horrors of the Abyss.
 21223 | Lair:5   | Offered knowledge of Conjure Ball Lightning by Vehumet.
 21224 | Lair:5   | Reached XP level 15. HP: 138/138 MP: 20/29
 21899 | Lair:5   | Identified the amulet "Beput" {RegenMP +Inv rC+ Dex-4}
 22106 | D:10     | Learned a level 8 spell: Ignition
 22266 | D:11     | Found a runed translucent gate.
 22266 | D:11     | Found an opulent altar of Gozag.
 22266 | D:11     | Noticed a sphinx
 22267 | D:11     | Found a runed translucent gate.
 22267 | D:11     | Found a runed translucent gate.
 22268 | D:11     | Noticed Bigboy123's ghost (novice MiBe)
 23135 | D:11     | Identified the staff of Dismay {Fly rC+ Dex-2 SInv Ice}
 23955 | D:11     | Got the Meditations on Sidekicks and Location
 23958 | D:11     | Got Jes Kogopeo's Folio of the Sphinx
 24156 | D:11     | Found Riryh's Distillery.
 24161 | D:11     | Bought a potion of heal wounds for 75 gold pieces
 24256 | D:11     | Found a staircase to the Orcish Mines.
 24597 | Orc:1    | Entered Level 1 of the Orcish Mines
 24726 | Orc:1    | Paralysed by an orc sorcerer for 3 turns
 25210 | Orc:1    | Offered knowledge of Spellforged Servitor by Vehumet.
 25221 | Orc:1    | Learned a level 7 spell: Spellforged Servitor
 25654 | Orc:2    | Entered Level 2 of the Orcish Mines
 25829 | Orc:2    | Reached skill level 1 in Summonings
 26306 | Orc:2    | Found a staircase to the Elven Halls.
 26845 | Orc:2    | Found a burning altar of Makhleb.
 27125 | Orc:2    | Found Orifik's Magic Scroll Boutique.
 27125 | Orc:2    | Found Ygamy's Distillery.
 27127 | Orc:2    | Found Xuotedis's Weapon Emporium.
 27129 | Orc:2    | Found Egonumm's Jewellery Shop.
 27133 | Orc:2    | Bought a scroll of blinking for 127 gold pieces
 27133 | Orc:2    | Bought a scroll of blinking for 127 gold pieces
 27133 | Orc:2    | Bought a scroll of enchant armour for 127 gold pieces
 27367 | D:12     | Noticed TobyConnect's ghost (journeyman OpFi)
 27373 | D:12     | Offered knowledge of Orb of Destruction by Vehumet.
 27668 | D:12     | Found a transporter.
 27674 | D:12     | Found a transporter.
 28044 | D:13     | Reached XP level 16. HP: 140/146 MP: 6/31
 28102 | D:13     | Reached skill level 5 in Summonings
 28697 | D:14     | Noticed Nessos
 28700 | D:14     | Killed Nessos
 28788 | D:14     | Found a gate to the Vaults.
 29173 | D:14     | Noticed Louise
 29175 | D:14     | Killed Louise
 29290 | D:14     | Found a sparkling altar of Nemelex Xobeh.
 29535 | D:15     | Entered Level 15 of the Dungeon
 30135 | D:15     | Noticed Jorgrun
 30143 | D:15     | Killed Jorgrun
 30566 | D:15     | Found a staircase to the Depths.
 30839 | D:11     | Bought a potion of brilliance for 60 gold pieces
 30839 | D:11     | Bought a potion of curing for 45 gold pieces
 30839 | D:11     | Bought a potion of mutation for 120 gold pieces
 31257 | D:8      | Reached skill level 1 in Shields
 31357 | D:8      | Got the Guide on the Dismal Crucible
 31359 | D:8      | Got Uce Pent's Tome of the Map and the Gathering
 31360 | D:8      | Identified the +4 sling of the Six Allies {antimagic, Fly
                  | Int+5 Stlth-}
 31483 | D:11     | Killed a sphinx
 31484 | D:11     | Killed Bigboy123's ghost
 31664 | D:12     | Killed TobyConnect's ghost
 32248 | Lair:4   | Learned a level 2 spell: Blink
 32273 | Lair:4   | Killed an acid blob
 32390 | Spider:1 | Entered Level 1 of the Spider Nest
 32424 | Spider:1 | Offered knowledge of Fireball by Vehumet.
 32466 | Spider:1 | Reached skill level 1 in Translocations
 33253 | Spider:1 | Reached XP level 17. HP: 146/153 MP: 11/33
 34004 | Spider:2 | Noticed Agnes
 34011 | Spider:1 | Offered knowledge of Bombard by Vehumet.
 34139 | Spider:1 | Learned a level 6 spell: Bombard
 34267 | Spider:2 | Reached skill level 5 in Shields
 34821 | Spider:1 | Killed Agnes
 34822 | Spider:1 | Reached skill level 1 in Earth Magic
 35304 | Spider:2 | Noticed Roxanne
 35885 | Spider:3 | Reached skill level 10 in Summonings
 37018 | Shoals:1 | Entered Level 1 of the Shoals
 37089 | Shoals:1 | Identified the serpent talisman of Failure {Str+3 Int+2}
 37089 | Shoals:1 | Noticed Aizul
 37625 | Lair:2   | Killed Aizul
 38421 | Shoals:1 | Reached skill level 5 in Earth Magic
 38713 | Shoals:1 | Noticed a kraken
 38729 | Shoals:1 | Killed a kraken
 39502 | Shoals:2 | Reached skill level 5 in Translocations
 39559 | Shoals:2 | Found a runed translucent door.
 39559 | Shoals:2 | Found a shimmering altar of Xom.
 39559 | Shoals:2 | Identified the +1 great mace "Xuurooc" {chaos, rC+}
 39560 | Shoals:2 | Noticed Panea's ghost (adept FoCA)
 39659 | Shoals:2 | Reached XP level 18. HP: 160/160 MP: 29/35
 40611 | Shoals:3 | Identified the staff "Desm" {rElec rC+ Air}
 41226 | Shoals:3 | Reached ****** piety under Vehumet
 41299 | Shoals:3 | Found Wab Gecvi's Book Shop.
 41655 | Shoals:4 | Entered Level 4 of the Shoals
 41818 | Shoals:4 | Paralysed by an air elemental for 1 turns
 41906 | Shoals:4 | Paralysed by an air elemental for 1 turns
 41908 | Shoals:4 | Offered knowledge of Fire Storm by Vehumet.
 41908 | Shoals:4 | Offered knowledge of Shatter by Vehumet.
 41908 | Shoals:4 | Offered knowledge of Polar Vortex by Vehumet.
 41921 | Shoals:4 | Reached skill level 15 in Spellcasting
 41960 | Shoals:4 | Paralysed by an air elemental for 1 turns
 41964 | Shoals:4 | Paralysed by an air elemental for 1 turns
 41967 | Shoals:4 | Paralysed by an air elemental for 1 turns
 42046 | Shoals:4 | Identified the +1 spear of Spores {speed, Str+2 Int+2
                  | Dex+3}
 42046 | Shoals:4 | Identified the amulet of Liklysch {Acrobat rN+ Will+ MP-9
                  | Str+3}
 42076 | Shoals:4 | Paralysed by an air elemental for 1 turns
 42296 | Shoals:4 | Paralysed by an air elemental for 1 turns
 43123 | Shoals:4 | Got a barnacled rune of Zot
 43181 | Shoals:4 | Found an opulent altar of Gozag.
 43218 | Shoals:4 | Paralysed by an air elemental for 1 turns
 43828 | Spider:4 | Entered Level 4 of the Spider Nest
 43860 | Spider:4 | Paralysed by a jorogumo for 3 turns
 44317 | Spider:4 | Noticed Mara
 44328 | Spider:4 | Killed Mara
 44329 | Spider:4 | Reached XP level 19. HP: 161/168 MP: 8/38
 45779 | Spider:4 | Got a gossamer rune of Zot
 46142 | Elf:1    | Entered Level 1 of the Elven Halls
 46217 | Elf:1    | Reached skill level 15 in Conjurations
 46336 | Elf:1    | Noticed Frances
 46342 | Elf:1    | Killed Frances
 47284 | Elf:1    | Identified a scroll of acquirement
 47285 | Elf:1    | Acquired 1201 gold pieces
 47383 | Elf:1    | Got Sif Muna's Omnibus of United Geometries
 48691 | Elf:2    | Found a runed translucent gate.
 48691 | Elf:2    | Found a runed translucent gate.
 48691 | Elf:2    | Found a runed translucent gate.
 49538 | Elf:2    | Reached XP level 20. HP: 123/183 MP: 32/39
 49996 | Elf:3    | Entered Level 3 of the Elven Halls
 50652 | Elf:3    | Identified the +9 broad axe of Terra Cotta {freeze, rElec
                  | Int+4}
 50652 | Elf:3    | Identified the amulet of Hucrur {Faith Harm ^Fragile rPois
                  | Dex+2}
 50807 | Elf:3    | Reached skill level 10 in Earth Magic
 51735 | Elf:3    | Identified the +0 chain mail of Farfalle {*Slow Str+9 Dex+4
                  | Slay-6}
 51757 | Elf:3    | Identified the +4 morningstar of the Silent Majority
                  | {flame, rPois Will+}
 51769 | Elf:3    | Identified the +4 dire flail "Pyshimiwn" {spect, rF+ Str+3}
 51771 | Elf:3    | Identified the +5 ring mail of Fotaaw {rElec Stlth+}
 52040 | Elf:3    | Got the Monograph on the Glowing Blizzard
 52042 | Elf:3    | Identified the staff of the Dungeon {Fly rElec rF+ Tloc
                  | Fire Air}
 52094 | Elf:3    | Identified the +0 chain mail of Efinnius {rElec rF+ rCorr}
 52098 | Elf:3    | Identified the +1 ring mail "Rumun" {Rampage Str+8 Int-5}
 52146 | Elf:3    | Identified the +1 cloak of the Untouchables {Harm rElec
                  | rN++ Str-3}
 52398 | Vaults:1 | Entered Level 1 of the Vaults
 52407 | Vaults:1 | Reached skill level 15 in Fighting
 52568 | Vaults:1 | Identified the +8 mace of the Two Names {antimagic, Int+4}
 54007 | Vaults:2 | Reached XP level 21. HP: 175/201 MP: 36/40
 55043 | Vaults:3 | Found a crumbling gateway.
 55131 | Desolati | Entered the Desolation of Salt
 55191 | Desolati | HP: 2/180 [guardian serpent (14)]
 55193 | Vaults:3 | Mangled by a crystal guardian

Illustrated notes

Levels and vault maps discovered:
D:1:      nzn_arrival_settlement, layout_basic, item_on_display_a
D:2:      layout_loops_corners, basic_altar
D:3:      layout_basic, grunt_qazlal_clouds, serial_shops,
          nicolae_shop_bloodbath_and_beyond, uniq_sigmund, uniq_robin
D:4:      layout_rooms, uniq_blork_the_orc, uniq_ijyb
D:5:      layout_rooms, lemuel_coloured_pillars_altar, temple_green,
          serial_curves, eino_curves_03, eino_curves_01, eino_curves_03,
          eino_curves_02
D:6:      layout_loops_ring
D:7:      layout_cave_pools, mainiacjoe_overflow_alcove_1, minmay_nine_imps,
          uniq_menkaure, uniq_joseph
D:8:      minmay_gate_of_8, layout_loops_corners,
          nicolae_overflow_hallway_of_the_gods, corexii_checkpoint
D:9:      regret_index_malice_mire, layout_cave_pools,
          nicolae_dithmenos_the_darkroom, cheibrodos_worm_habitat, serial_shops,
          shop, uniq_psyche
D:10:     layout_loops_ring, nicolae_tso_swordbearing_angel, lair_entry_dummy,
          minmay_puff
D:11:     minmay_the_grid_octo_tiled_squarecenter_mashed
          [minmay_the_grid_octo_pinwheel, minmay_the_grid_octo_chip,
          minmay_the_grid_octo_fan_narrow, minmay_the_grid_octo_toaster,
          minmay_the_grid_square_5x5_megaprize_checkered,
          minmay_the_grid_square_5x5_v,
          minmay_the_grid_square_5x5_inverted_slash,
          minmay_the_grid_square_5x5_n_small, minmay_the_grid_square_5x5_lines],
          layout_rooms, kennysheep_orc_monster_closet_entryway,
          ebering_ghost_gozag, serial_shops, nicolae_shop_pleasant_corner_grove,
          grunt_decor_fettered
D:12:     layout_roguey, gammafunk_ghost_abyssal_escape
D:13:     layout_cave_pools
D:14:     layout_loops_ring, hellmonk_vaults_order_and_chaos,
          nemelex_spade_bored_becter, uniq_nessos, uniq_louise
D:15:     hangedman_depths_entry_civil_slaughter, layout_stronghold,
          roderic_lattice_a, uniq_jorgrun
Lair:1:   layout_regular_city
Lair:2:   nzn_winding_woodlands_stair_trap [nzn_winding_woodlands_5x15_eye,
          nzn_winding_woodlands_5x15_lazy_stream,
          nzn_winding_woodlands_5x15_twine,
          nzn_winding_woodlands_15x15_five_gardens,
          nzn_winding_woodlands_5x15_default,
          nzn_winding_woodlands_5x15_split_checker,
          nzn_winding_woodlands_5x15_sidewinder], layout_chaotic_city,
          minmay_shoals_entry_beasts, nicolae_quartered_pool_little,
          disabler_island, uniq_amaemon, uniq_erica
Lair:3:   layout_loops_ring, hellmonk_spider_entry_not_the_bees
Lair:4:   layout_hall_layers, slime_entry_2, grunt_megastairs_2, uniq_kirke
Lair:5:   hellmonk_lair_end_abyssal_woods, layout_layer_cave,
          gauntlet_entry_generic, chequers_serial_rivers_micro_d, worms_lemuel
Shoals:1: layout_shoals, uniq_aizul
Shoals:2: layout_shoals, ebering_ghost_xom
Shoals:3: argonaut_golden_fleece, layout_shoals, serial_shops, shop,
          nicolae_shoals_undead_eyrie
Shoals:4: shoals_end_hellmonk_storm_palace [storm_palace_center_square,
          storm_palace_corner_pillars, storm_palace_corner_narrow,
          storm_palace_corner_altar, storm_palace_corner_narrow]
Spider:1: layout_chambers, nicolae_spider_eight_legs
Spider:2: layout_spider_delve, uniq_agnes, uniq_roxanne
Spider:3: layout_spider_delve
Spider:4: grunt_spider_rune_island, nicolae_spider_twisty_arc_passages,
          uniq_mara
Orc:1:    layout_caves
Orc:2:    st_orc_rangers, layout_diamond_mine, bloody_makhleb
Elf:1:    elf_arrival_002, layout_geoelf_diagonals,
          hangedman_elven_crosses_minicolossus, uniq_frances
Elf:2:    nicolae_elf_blades_splatter_lattice
          [nicolae_blade_entry_floor_patterns], layout_loops_ring
Elf:3:    minmay_elf_hall_furrowed, layout_onion_city
Vaults:1: vaults_room_pools, nicolae_vaults_diagonal_hallway_9,
          vaults_mumra_chevron_long, v_misc_9, v_alt_pattern_6,
          nicolae_vaults_little_squares_4, ontoclasm_vaults_loading_screen,
          hangedman_vaults_impose, vaults_room_door_hall, v_pattern_4,
          v_alt_pattern_3, v_misc_15, nicolae_vaults_trapezoid_lopsided_1,
          nicolae_vaults_trapezoid_layered, nicolae_vaults_rhombus_6,
          vaults_room_ringed_pool, layout_vaults_maze_snakey
Vaults:2: ontoclasm_vaults_claustrophobia, nicolae_vaults_network_star,
          vaults_mumra_hexcomb, v_misc_18, v_misc_27, vaults_dpeg_hooks,
          st_cross, layout_vaults_omnigrid
Vaults:3: portal_desolation_entry_nicolae_nacl, ontoclasm_vaults_idyll,
          blue_anna_dwarven_crypt, nicolae_vaults_heart-shaped_vault,
          nicolae_vaults_tetromino_T_1, hangedman_vaults_capsules,
          nicolae_vaults_twisting_passages, st_quartered_hall,
          vaults_standard_mumra_x, ontoclasm_vaults_pinch,
          nicolae_vaults_three_branches, layout_vaults_omnicross, serial_shops,
          shop

Skill      XL: |  1  2  3  4  5  6  7  8  9 10 11 12 13 14 15 16 17 18 19 20 21 |
---------------+----------------------------------------------------------------+-----
Alchemy        | 4 6 8 |  8.0
Spellcasting   | 3 4 5 7 8 9 10 11 12 13 15 | 15.0
Fighting       | 2 4 6 8 9 10 12 15 | 15.0
Stealth        | 5 7 8 |  8.0
Conjurations   | 2 4 6 8 9 10 13 15 16 18 | 18.0
Air Magic      | 5 |  5.0
Ice Magic      | 5 |  5.0
Fire Magic     | 6 12 16 18 | 18.0
Summonings     | 4 9 10 | 10.0
Shields        | 4 7 8 |  8.0
Translocations | 2 5 |  5.0
Earth Magic    | 6 9 10 | 10.1
Dodging        | |  1.5

Action                     |  1- 3 |  4- 6 |  7- 9 | 10-12 | 13-15 | 16-18 | 19-21 || total
---------------------------+-------+-------+-------+-------+-------+-------+-------++-------
  Melee: Unarmed           |     1 |       |       |       |       |       |       ||     1
         Whip              |     1 |       |       |   106 |       |       |       ||   107
         Dagger            |       |       |     2 |       |       |       |       ||     2
         Demon whip        |       |       |       |     1 |   116 |   175 |    15 ||   307
         Constrict         |       |       |       |       |    31 |    35 |    15 ||    81
         Staff             |       |       |       |       |       |       |    46 ||    46
   Cast: Sting             |    46 |    68 |   139 |   167 |    74 |       |       ||   494
         Olgreb's Toxic Ra |       |     1 |    20 |   134 |    97 |       |       ||   252
         Freezing Cloud    |       |       |       |    41 |   181 |    86 |    38 ||   346
         Irradiate         |       |       |       |     9 |     5 |     1 |       ||    15
         Arcjolt           |       |       |       |     3 |    11 |       |       ||    14
         Plasma Beam       |       |       |       |       |   162 |   431 |   251 ||   844
         Ignition          |       |       |       |       |     4 |    60 |    50 ||   114
         Spellforged Servi |       |       |       |       |       |    22 |    48 ||    70
         Bombard           |       |       |       |       |       |     3 |    40 ||    43
Ability: Spit Poison       |    26 |    23 |    35 |    41 |    32 |    16 |     6 ||   179
  Evoke: Wand              |       |     5 |    22 |    19 |     3 |       |       ||    49
         Phantom mirror    |       |       |       |       |     1 |     1 |       ||     2
         Lightning rod     |       |       |       |       |       |     2 |     4 ||     6
         Phial of floods   |       |       |       |       |       |     1 |     1 ||     2
    Use: Scroll            |       |       |       |    15 |     6 |    15 |    10 ||    46
         Potion            |       |       |       |     1 |       |     2 |     7 ||    10
   Stab: Distracted        |       |       |       |       |       |     1 |       ||     1
         Sleeping          |       |       |       |       |       |       |     1 ||     1
 Armour: Robe              |     5 |    22 |    71 |   211 |       |   598 |   338 ||  1245
         Ring mail         |       |       |       |    69 |   327 |       |       ||   396
         Skin              |       |       |       |       |    33 |     2 |       ||    35
  Dodge: Dodged            |     6 |    12 |    46 |   158 |   158 |   123 |    58 ||   561
  Block: Buckler           |       |       |       |       |       |   150 |    74 ||   224

Table legend: (Time is in decaauts)
 A = Elapsed time spent in this place.
 B = Non-inter-level travel time spent in this place.
 C = Inter-level travel time spent in this place.
 D = Time resting spent in this place.
 E = Time spent auto-exploring this place.
 F = Levels seen in this place.
 G = Mean time per level.
                   A        B        C        D        E       F      G
               +--------+--------+--------+--------+--------+-----+--------+
         Total |  66248 |  59332 |   6916 |   8239 |  44052 |  38 | 1743.4 |
       Dungeon |  24420 |  21667 |   2753 |   1521 |  17665 |  15 | 1628.0 |
          Lair |  12778 |  11067 |   1711 |   1383 |   8439 |   5 | 2555.6 |
        Shoals |   6637 |   6142 |    495 |   1524 |   3773 |   4 | 1659.2 |
   Spider Nest |   8218 |   7128 |   1090 |   1605 |   4780 |   4 | 2054.5 |
  Orcish Mines |   3148 |   2975 |    173 |    516 |   2015 |   2 | 1574.0 |
   Elven Halls |   6743 |   6128 |    615 |   1320 |   3981 |   3 | 2247.7 |
        Vaults |   3441 |   3364 |     77 |    238 |   2866 |   3 | 1147.0 |
    Desolation |     71 |     71 |      0 |      0 |     10 |   1 |   71.0 |
      Gauntlet |    789 |    789 |      0 |    132 |    521 |   1 |  789.0 |
               +--------+--------+--------+--------+--------+-----+--------+

Top non-repeatable levels by time:
  Lair:2: 4634 daAuts
  Lair:5: 3570 daAuts
Spider:1: 3288 daAuts
    D:11: 3180 daAuts
     D:8: 2854 daAuts
   Elf:3: 2650 daAuts
     D:9: 2424 daAuts
   Elf:2: 2186 daAuts
Shoals:4: 2102 daAuts
Spider:4: 2075 daAuts
Vaults:2: 2005 daAuts
   Elf:1: 1906 daAuts
    D:10: 1851 daAuts
  Lair:1: 1804 daAuts
Shoals:1: 1677 daAuts
